 Dungeon Crawl Stone Soup version 0.18-a0-1764-gf4ddf0b (webtiles) character file.

816 Ratboiler the Carver (level 7, -2/45 HPs)
             Began as an Octopode Wanderer on Apr 13, 2016.
             Was an Initiate of Gozag.
             Slain by an ice beast (4 damage)
             ... on level 6 of the Dungeon.
             The game lasted 00:12:20 (5640 turns).

Ratboiler the Carver (Octopode Wanderer)            Turns: 5640, Time: 00:12:21

Health: -2/45      AC:  1    Str: 13    XL:     7   Next: 94%
Magic:  7/7        EV: 11    Int: 14    God:    Gozag
Gold:   488        SH:  0    Dex: 12    Spells: 3 memorised, 1 level left

rFire  . . .     SeeInvis .     a - +2 falchion
rCold  + . .     Gourm    .     (no shield)
rNeg   . . .     Faith    .     (helmet restricted)
rPois  +         Spirit   .     (no amulet)
rElec  .         Dismiss  .     m - ring of poison resistance
rCorr  .         Reflect  .     (no ring)
SustAt .         Harm     .     (no ring)
MR     +....     Rnd*Rage +     (no ring)
Stlth  +++.......               (no ring)
                                (no ring)
                                (no ring)
                                (no ring)

@: somewhat resistant to hostile enchantments, fairly stealthy
A: almost no armour, amphibious, 8 rings, constrict 8, camouflage 1, berserk 1,
cold resistance 1, magic resistance 1, gelatinous body 1
a: Potion Petition, Call Merchant, Bribe Branch, Renounce Religion


You were on level 6 of the Dungeon.
You worshipped Gozag.
Gozag was noncommittal.
You were not hungry.

You visited 2 branches of the dungeon, and saw 7 of its levels.

You collected 536 gold pieces.
You paid 48 gold pieces to Gozag.

Inventory:

Hand Weapons
 a - a +2 falchion (weapon)
 b - a +0 hand axe
 d - a +0 dagger
Missiles
 t - 11 poisoned needles
 y - 5 tomahawks (quivered)
Jewellery
 m - a ring of poison resistance (left tentacle)
Wands
 p - a wand of flame (5/48)
Scrolls
 e - a scroll of teleportation {unknown}
 g - a scroll of blinking {unknown}
 h - 2 scrolls of immolation
 i - 2 scrolls of remove curse
 k - a scroll of enchant armour {unknown}
 l - 2 scrolls of amnesia {unknown}
 n - 2 scrolls of recharging {unknown}
 s - 3 scrolls of magic mapping {unknown}
 u - 2 scrolls of enchant weapon {unknown}
 w - a scroll of fear {unknown}
 x - a scroll of random uselessness
Potions
 c - 3 potions of curing
 j - a potion of brilliance
 q - a potion of resistance
 z - a potion of invisibility
 D - 2 potions of flight
Books
 o - a book of Burglary

   Spells                             Type                      Level
   a - Swiftness                      Charms/Air                   2
   b - Passwall                       Transmutation/Earth          2
   c - Passage of Golubria            Translocation                4
   d - Lee's Rapid Deconstruction     Earth                        5
   e - Darkness                       Hexes                        6
   f - Invisibility                   Hexes                        6
 r - a book of Minor Magic

   Spells                             Type                      Level
   a - Magic Dart                     Conjuration                  1
   b - Blink                          Translocation                2
   c - Call Imp                       Summoning                    2
   d - Repel Missiles                 Charms/Air                   2
   e - Slow                           Hexes                        2
   f - Conjure Flame                  Conjuration/Fire             3
   g - Mephitic Cloud                 Conjuration/Poison/Air       3
 v - a book of Battle

   Spells                             Type                      Level
   a - Infusion                       Charms                       1
   b - Shroud of Golubria             Charms/Translocation         2
   c - Song of Slaying                Charms                       2
   d - Spectral Weapon                Hexes/Charms                 3
   e - Regeneration                   Charms/Necromancy            3
Comestibles
 f - 3 bread rations
 A - 3 fruits
 B - a slice of pizza
 C - 2 meat rations


   Skills:
 - Level 2.0 Fighting
 + Level 8.9 Long Blades
 - Level 2.0 Axes
 - Level 1.0 Dodging
 - Level 2.6 Stealth
   Level 1.0 Shields


You had one spell level left.
You knew the following spells:

 Your Spells              Type           Power        Failure   Level  Hunger
a - Infusion              Chrm           #...         30%         1    ##.....
b - Song of Slaying       Chrm           #.......     43%         2    ###....
c - Swiftness             Chrm/Air       #.......     43%         2    ###....


Dungeon Overview and Level Annotations

Branches:
Dungeon (6/15)             Temple (1/1) D:4

Altars:
Ashenzari
Cheibriados
Dithmenos
Elyvilon
Fedhas
Gozag
Kikubaaqudgha
Nemelex Xobeh
Okawaru
Pakellas
Ru
Sif Muna
Trog
Xom
Yredelemnul
Zin
The Shining One

Annotations:
D:3 1 runed door, exclusion: howler monkey


Innate Abilities, Weirdness & Mutations

You cannot wear most types of armour.
You are amphibious.
You can wear up to eight rings at the same time.
You can use your tentacles to constrict eight enemies at once.
Your skin changes colour to match your surroundings (Stealth).
Your rubbery body absorbs attacks (AC +1).
You tend to lose your temper in combat.
Your flesh is cold resistant.
You are resistant to hostile enchantments.


Message History

The ice beast is severely wounded.
You barely miss the ice beast.
The ice beast is severely wounded.
The ice beast hits you. The ice beast freezes you. You resist.
You hit the ice beast.
The ice beast is severely wounded.
The ice beast hits you but does no damage.
You hit the ice beast but do no damage.
The ice beast is severely wounded.
The ice beast hits you.
* * * LOW HITPOINT WARNING * * *
The ice beast freezes you. You resist.
* * * LOW HITPOINT WARNING * * *
You closely miss the ice beast.
The ice beast is severely wounded.
The ice beast hits you.
* * * LOW HITPOINT WARNING * * *
The ice beast freezes you. You resist.
You die...
Your body crumbles into a pile of gold.

######### #.......#
.#########.......#
........##.......#
.Z......Y@.......# .
........##.......# ..
.................# ...
.................######...
...........)..............
...........#............##
.#......####............#
#......# #............#
#.......<....#


You could see an ice beast.

Vanquished Creatures
  An ice beast (D:5)
  An ogre (D:5)
  A giant frog (D:4)
  A scorpion (D:4)
  A crimson imp (D:5)
  A jelly (D:5)
  An orc priest (D:5)
  3 orc wizards
  A gnoll shaman (D:4)
  An iguana (D:4)
  3 worker ants
  5 gnolls (D:4)
  8 adders
  An ooze (D:3)
  2 adder skeletons (D:4)
  2 worms
  2 dart slugs
  3 giant geckos (D:3)
  13 orcs
  2 bats
  5 giant cockroaches
  3 goblins
  10 hobgoblins
  3 jackals (D:5)
  A quokka (D:5)
  A giant gecko skeleton (D:4)
  4 giant newts
  A jackal skeleton (D:3)
  3 kobolds
  6 rats
90 creatures vanquished.

Vanquished Creatures (others)
  A hydra (D:4)
1 creature vanquished.

Grand Total: 91 creatures vanquished

Notes
Turn   | Place    | Note
--------------------------------------------------------------
     0 | D:1      | Ratboiler the Octopode Wanderer began the quest for the Orb.
     0 | D:1      | Ratboiler set off with: a +2 falchion, a +0 hand axe, a potion of curing, a +0 dagger, a bread ration
     0 | D:1      | Reached XP level 1. HP: 14/14 MP: 1/1
   362 | D:1      | Reached XP level 2. HP: 19/19 MP: 2/2
   641 | D:2      | Found a shattered altar of Ashenzari.
   655 | D:2      | Reached skill level 3 in Long Blades
  1104 | D:2      | Reached XP level 3. HP: 24/24 MP: 3/3
  1619 | D:3      | Reached skill level 4 in Long Blades
  1883 | D:3      | Reached XP level 4. HP: 29/29 MP: 4/4
  1966 | D:3      | Learned a level 1 spell: Infusion
  1969 | D:3      | Learned a level 2 spell: Song of Slaying
  1986 | D:3      | Noticed a human
  1987 | D:3      | Found a runed door.
  2023 | D:3      | Found a basalt altar of Yredelemnul.
  2324 | D:4      | Found a staircase to the Ecumenical Temple.
  2331 | Temple   | Entered the Ecumenical Temple
  2489 | Temple   | Became a worshipper of Gozag Ym Sagoz the Greedy
  2605 | D:4      | Noticed a giant frog
  2606 | D:4      | Gained mutation: You tend to lose your temper in combat. [potion of mutation]
  2606 | D:4      | Gained mutation: You are resistant to hostile enchantments. [potion of mutation]
  2606 | D:4      | Gained mutation: Your flesh is cold resistant. [potion of mutation]
  2610 | D:4      | Killed a giant frog
  2610 | D:4      | Reached skill level 5 in Long Blades
  2610 | D:4      | Reached XP level 5. HP: 10/34 MP: 1/5
  2631 | D:4      | Reached skill level 6 in Long Blades
  2792 | D:4      | Reached XP level 6. HP: 23/39 MP: 6/6
  2941 | D:4      | Learned a level 2 spell: Swiftness
  3185 | D:4      | Found a basalt altar of Yredelemnul.
  3189 | D:4      | Found a blossoming altar of Fedhas.
  3193 | D:4      | Found a white marble altar of Elyvilon.
  3193 | D:4      | Found an iron altar of Okawaru.
  3193 | D:4      | Found a shadowy altar of Dithmenos.
  3194 | D:4      | Found a sacrificial altar of Ru.
  3197 | D:4      | Found an ancient bone altar of Kikubaaqudgha.
  3198 | D:4      | Found a snail-covered altar of Cheibriados.
  3571 | D:4      | Reached skill level 7 in Long Blades
  4281 | D:4      | Reached XP level 7. HP: 29/45 MP: 7/7
  4655 | D:4      | Found an oddly glowing altar of Pakellas.
  4656 | D:4      | Noticed a four-headed hydra
  4662 | D:4      | Killed a four-headed hydra
  4682 | D:5      | Entered Level 5 of the Dungeon
  5046 | D:5      | Reached skill level 8 in Long Blades
  5640 | D:6      | HP: 2/45 [ice beast (4)]
  5640 | D:6      | Slain by an ice beast

Vault maps used:
D:1:      elethiomel_arrival_shortcut, minmay_misc_feat_tower, kennysheep_boxes
D:2:      ashenzari_altar_1, nrook_loot_triangle, serial_bayou_lagoon_b
D:3:      first_bread, dk_yredelemnul_ordeal
D:4:      minmay_opposing_rooms, minitemple, minmay_temple_entry_purple_smoke,
          kennysheep_flooded_box, gammafunk_pakellas_spire_experiment,
          uniq_duvessa
D:5:      hangedman_decor_riveting
D:6:      serial_shops, nicolae_shop_trees, minmay_misc_feat_tiny,
          grunt_potential, uniq_blork_the_orc
Temple:   temple_island_7

Skill      XL: |  1  2  3  4  5  6  7 |
---------------+----------------------+-----
Long Blades    | 3 4 5 6 7 8 |  8.9
Fighting       | |  2.0
Axes           | |  2.0
Dodging        | |  1.0
Stealth        | |  2.6
Shields        | |  1.0

Action                   |  1- 3 |  4- 6 |  7- 9 || total
-------------------------+-------+-------+-------++-------
Melee: Falchion          |    53 |   110 |    79 ||   242
       Constrict         |    16 |    27 |    10 ||    53
       Tentacles         |     8 |    22 |    13 ||    43
Throw: Tomahawk          |       |       |     3 ||     3
 Cast: Infusion          |       |     3 |       ||     3
       Song of Slaying   |       |     1 |       ||     1
Evoke: Club              |     2 |       |       ||     2
  Use: Scroll            |       |     6 |     2 ||     8
       Potion            |       |     3 |       ||     3
 Stab: Sleeping          |    10 |     5 |     4 ||    19
       Distracted        |       |     2 |       ||     2
  Eat: Bread ration      |     1 |     1 |       ||     2
       Meat ration       |       |     1 |       ||     1
       Beef jerky        |       |       |     1 ||     1
Armor: Skin              |       |     5 |     4 ||     9
Dodge: Dodged            |    18 |    49 |    32 ||    99
